[Event "Titled Tuesday Blitz November 14 Early 2023"]
[White "Kovalevsky, Stanislav"]
[Black "Nigmatov, Ortik"]
[WhiteFideId "13508598"]
[BlackFideId "14202131"]
[WhiteElo "2491"]
[BlackElo "2763"]
[Result "0-1"]
[Round "2"]
[TimeControl "180+1"]
[Date "2023.11.14"]
[WhiteClock "0:00:14"]
[BlackClock "0:00:19"]
[Board "84"]

1. e4 c5 2. c3 d5 3. exd5 Qxd5 4. Nf3 Nf6 5. d4 Nc6 6. Be3 cxd4 7. cxd4 e6 8. Nc3 Qd6 9. a3 Be7 10. Bd3 O-O 11. O-O a6 12. Qe2 b5 13. Ne4 Nxe4 14. Bxe4 Bb7 15. Rfd1 Na5 16. d5 exd5 17. b4 Qe6 18. Bxh7+ Kxh7 19. bxa5 Qg6 20. Rd4 Bf6 21. Rg4 Qxg4 22. Ng5+ Qxg5 23. Bxg5 Bxa1 24. Qe7 Rfe8 25. Qb4 d4 26. h3 Bc3 27. Qb3 Kg8 28. g4 Re2 29. Bh4 Rae8 30. g5 Rb2 31. Qd1 Re1+ 0-1


[Site "https://www.chess.com"]

[Event "Titled Tuesday Blitz November 14 Early 2023"]
[White "Javakhadze, Zurab"]
[Black "MFatigue"]
[WhiteFideId "13603647"]
[WhiteElo "2763"]
[BlackElo "2484"]
[Result "1-0"]
[Round "2"]
[TimeControl "180+1"]
[Date "2023.11.14"]
[WhiteClock "0:00:05"]
[BlackClock "0:00:00"]
[Board "85"]

1. Nf3 d5 2. g3 g6 3. Bg2 Bg7 4. O-O Nf6 5. c4 c6 6. d4 O-O 7. a4 Bg4 8. Nc3 Ne4 9. Qb3 b6 10. Rd1 e6 11. h3 Bxf3 12. Bxf3 f5 13. cxd5 cxd5 14. Be3 Nc6 15. Rac1 Rc8 16. Qb5 Na5 17. Bxe4 fxe4 18. b3 Qe7 19. Bf4 g5 20. Be3 h6 21. Nb1 Qd6 22. Kg2 Kh7 23. Nd2 Rxc1 24. Rxc1 e5 25. dxe5 Qxe5 26. b4 d4 27. Qxe5 Bxe5 28. bxa5 dxe3 29. fxe3 bxa5 30. Nxe4 Rb8 31. Rc5 Bg7 32. Rxa5 Rb7 33. Nd6 Rd7 34. Nf5 Bf8 35. Kf3 Kg6 36. e4 h5 37. Ra6+ Kh7 38. e5 Rd8 39. e6 Re8 40. e7 Bxe7 41. Rxa7 Kg6 42. Rxe7 Rf8 43. g4 1-0


[Site "https://www.chess.com"]

[Event "Titled Tuesday Blitz November 14 Early 2023"]
[White "Saydaliev, Saidakbar"]
[Black "Shishkov, Andrei"]
[WhiteFideId "14203693"]
[BlackFideId "4500563"]
[WhiteElo "2755"]
[BlackElo "2481"]
[Result "1-0"]
[Round "2"]
[TimeControl "180+1"]
[Date "2023.11.14"]
[WhiteClock "0:00:17"]
[BlackClock "0:00:00"]
[Board "86"]

1. Nf3 Nf6 2. c4 e6 3. e3 d5 4. Nc3 Be7 5. d4 O-O 6. a3 a6 7. b4 a5 8. b5 c5 9. bxc6 Nxc6 10. Rb1 b6 11. cxd5 Nxd5 12. Nxd5 exd5 13. Bd3 Bg4 14. Qc2 Rc8 15. Bxh7+ Kh8 16. Bf5 Nxd4 17. Qxc8 Nxf3+ 18. gxf3 Qxc8 19. Bxc8 Bxf3 20. Bf5 Bxh1 21. Rxb6 Bf3 22. Bb2 Kg8 23. Kd2 g6 24. Bd3 Bd8 25. Ra6 Bc7 26. h4 Rb8 27. Bc3 Be4 28. Bxe4 dxe4 29. h5 gxh5 30. Rh6 Kf8 31. Rxh5 Ke7 32. Rc5 Bd6 33. Rxa5 Rb3 34. a4 Ra3 35. Ra7+ Ke6 36. Ra6 Ra2+ 37. Ke1 Kd5 38. a5 Bc5 39. Rf6 Kc4 40. Be5 Kd3 41. Kf1 Rxa5 42. Rxf7 Ra2 43. Rd7+ Kc4 44. Bd4 Rd2 45. Rc7 Rxd4 46. exd4 Kxd4 47. Ke2 Bd6 48. Rc6 Kd5 49. Ra6 Bc5 50. Ra4 Ke5 51. Ra5 Kd4 52. Ra8 Ke5 53. Re8+ Kf4 54. Kf1 Bd4 55. Kg2 Bc5 56. Re6 Bd4 57. Rc6 Ba7 58. Rc4 Bb6 59. f3 Kf5 60. Rxe4 Bc7 61. Rc4 Bf4 62. Kf2 Be5 63. Ke3 Bf6 64. Rc5+ Ke6 65. Ke4 Be7 66. Rb5 Bd6 67. f4 Ke7 68. Rb6 Bc5 69. Ra6 Bb4 70. Kf5 Bd2 71. Ra7+ Kd6 72. Rf7 Bc1 73. Kg6 Ke6 74. f5+ Ke5 75. Re7+ Kd6 76. Re1 Bf4 77. f6 1-0


[Site "https://www.chess.com"]

[Event "Titled Tuesday Blitz November 14 Early 2023"]
[White "WindWhistler11"]
[Black "Hambleton, Aman"]
[BlackFideId "2606577"]
[WhiteElo "2448"]
[BlackElo "2754"]
[Result "1-0"]
[Round "2"]
[TimeControl "180+1"]
[Date "2023.11.14"]
[WhiteClock "0:00:09"]
[BlackClock "0:00:01"]
[Board "87"]

1. c4 c5 2. e3 b6 3. Nf3 Bb7 4. b3 e6 5. Bb2 Nf6 6. Be2 Be7 7. O-O O-O 8. d3 d6 9. Nbd2 Nbd7 10. Qc2 a6 11. a3 b5 12. Rfe1 Qb6 13. Rab1 Rfc8 14. Ba1 h6 15. Nf1 Rab8 16. Ng3 Bc6 17. h3 Qb7 18. Bf1 Qa8 19. Nh2 d5 20. e4 bxc4 21. bxc4 Rxb1 22. Qxb1 d4 23. e5 Ne8 24. Qd1 Qb7 25. Qg4 Qb3 26. f4 Kh8 27. f5 exf5 28. Nxf5 Bf8 29. Nh4 Nc7 30. Qf5 Kg8 31. Be2 Re8 32. Bh5 Re7 33. Rf1 Nxe5 34. Ng4 Qxd3 35. Nxe5 Qxf5 36. Rxf5 g6 37. Nxc6 gxf5 38. Nxe7+ Bxe7 39. Nxf5 Bg5 40. Bf3 Bc1 41. a4 Kh7 42. Be4 Kg8 43. Kf1 Ne6 44. g3 Ng5 45. Bg2 h5 46. h4 Ne6 47. Bd5 Nd8 48. Ne7+ Kf8 49. Nf5 Ne6 50. Nd6 Ke7 51. Nb7 a5 52. Bxe6 Kxe6 53. Nxc5+ Kf5 54. Nd3 Be3 55. Ke2 Kg4 56. Bb2 Kxg3 57. c5 Kxh4 58. c6 Bf4 59. Nxf4 Kg4 60. Nd3 Kf5 61. c7 Ke4 62. c8=Q f6 63. Qc6+ 1-0


[Site "https://www.chess.com"]

[Event "Titled Tuesday Blitz November 14 Early 2023"]
[White "Nazari, Arad"]
[Black "whiteglovethief"]
[WhiteFideId "12577324"]
[WhiteElo "2748"]
[BlackElo "2447"]
[Result "1-0"]
[Round "2"]
[TimeControl "180+1"]
[Date "2023.11.14"]
[WhiteClock "0:00:59"]
[BlackClock "0:00:33"]
[Board "88"]

1. e4 e6 2. d4 d5 3. Nd2 c5 4. Ngf3 dxe4 5. Nxe4 cxd4 6. Nxd4 Nf6 7. Nxf6+ Qxf6 8. Bb5+ Bd7 9. O-O Bc5 10. Bxd7+ Nxd7 11. Nb3 O-O 12. Qxd7 Rad8 13. Qb5 Bxf2+ 14. Kh1 Rd5 15. Qe2 Re5 16. Be3 Bxe3 17. Rxf6 gxf6 18. Rf1 Rd8 19. g3 Bg5 20. Qg4 Kf8 21. h4 Bh6 22. Rxf6 Bg7 23. Rf1 h5 24. Qf3 Rf5 25. Qe2 Re5 26. Qc4 a5 27. Nc5 Rd2 28. Nxe6+ 1-0


[Site "https://www.chess.com"]

[Event "Titled Tuesday Blitz November 14 Early 2023"]
[White "Jumanov, Elbek"]
[Black "Samunenkov, Ihor"]
[WhiteFideId "14202905"]
[BlackFideId "14187086"]
[WhiteElo "2442"]
[BlackElo "2748"]
[Result "0-1"]
[Round "2"]
[TimeControl "180+1"]
[Date "2023.11.14"]
[WhiteClock "0:00:00"]
[BlackClock "0:00:04"]
[Board "89"]

1. c4 c5 2. g3 Nc6 3. Bg2 g6 4. Nc3 Bg7 5. Nf3 d6 6. O-O Rb8 7. a3 Be6 8. d3 a6 9. Rb1 b5 10. Nd2 Bd7 11. Nd5 e6 12. Ne3 Nge7 13. b4 cxb4 14. axb4 O-O 15. Bb2 Bxb2 16. Rxb2 bxc4 17. Nexc4 d5 18. Na3 Nxb4 19. Qa1 a5 20. Nf3 Nec6 21. h4 Qf6 22. Rfb1 Rb6 23. Nc2 Nxc2 24. Rxc2 Qxa1 25. Rxa1 Ra8 26. Nd2 a4 27. Rca2 Nb4 28. Rb2 a3 29. Rb3 a2 30. Rb2 Rab8 31. Kh2 Ba4 32. Bf1 Nxd3 33. Rxb6 Rxb6 34. Rxa2 Nc5 35. e3 Kg7 36. Nf3 Rb1 37. Be2 Bb5 38. Bxb5 Rxb5 39. Nd4 Rb7 40. Kg2 Ne4 41. Rc2 h5 42. Ra2 Rc7 43. Rb2 Nf6 44. Ra2 Ng4 45. Rb2 e5 46. Nf3 Rd7 47. Rd2 Kf6 48. Ng5 Ke7 49. Nf3 f6 50. Ra2 Ke6 51. Ra6+ Kf5 52. Nd2 Rb7 53. Ra2 Rb4 54. Nf3 Rb6 55. Ne1 Rd6 56. Nf3 Rd8 57. Rd2 Rd7 58. e4+ Ke6 59. exd5+ Rxd5 60. Rxd5 Kxd5 0-1


[Site "https://www.chess.com"]

[Event "Titled Tuesday Blitz November 14 Early 2023"]
[White "LiadCuba"]
[Black "Hayrapetyan, Hovik"]
[BlackFideId "13302639"]
[WhiteElo "2442"]
[BlackElo "2745"]
[Result "0-1"]
[Round "2"]
[TimeControl "180+1"]
[Date "2023.11.14"]
[WhiteClock "0:00:00"]
[BlackClock "0:00:47"]
[Board "90"]

1. d4 Nf6 2. c4 e6 3. Nc3 Bb4 4. f3 d5 5. a3 Bxc3+ 6. bxc3 c5 7. cxd5 Nxd5 8. dxc5 Qa5 9. e4 Nf6 10. Be3 O-O 11. Qb3 Nfd7 12. Bb5 Qc7 13. Qb4 Nc6 14. Bxc6 bxc6 15. Rb1 Ne5 16. Rd1 Ba6 17. Bf4 Rad8 18. Rd6 Nd3+ 19. Rxd3 Qxf4 20. Ne2 Qg5 21. Rxd8 Rxd8 0-1


[Site "https://www.chess.com"]

[Event "Titled Tuesday Blitz November 14 Early 2023"]
[White "Komov, Roman"]
[Black "Arnold, Ken"]
[WhiteFideId "24175714"]
[BlackFideId "2056836"]
[WhiteElo "2744"]
[BlackElo "2435"]
[Result "1-0"]
[Round "2"]
[TimeControl "180+1"]
[Date "2023.11.14"]
[WhiteClock "0:00:22"]
[BlackClock "0:00:05"]
[Board "91"]

1. e4 c6 2. d4 d5 3. Nd2 dxe4 4. Nxe4 Bf5 5. Ng3 Bg6 6. h4 h6 7. Nf3 Nd7 8. h5 Bh7 9. Bd3 Bxd3 10. Qxd3 Ngf6 11. Bd2 e6 12. O-O-O Qc7 13. Ne4 Nxe4 14. Qxe4 Nf6 15. Qe2 Bd6 16. Kb1 O-O-O 17. Ne5 Bxe5 18. dxe5 Nd5 19. c4 Nb6 20. Ba5 Rxd1+ 21. Rxd1 Rd8 22. Rxd8+ Qxd8 23. Kc2 Qd4 24. b3 Nd7 25. Bc3 Qh4 26. g3 Qh3 27. Qf3 Qf5+ 28. Qxf5 exf5 29. e6 fxe6 30. Bxg7 e5 31. Bxh6 Nf6 32. Bg7 Nxh5 33. Bxe5 Kd7 34. Kd3 Ke6 35. Bd4 b6 36. b4 a5 37. a3 axb4 38. axb4 b5 39. Bc3 Kd6 40. Bb2 Ke6 41. Bd4 Kd6 42. Bh8 Ke6 43. Kd4 Kd6 44. Kc3 Ke6 45. Kd3 Kd6 46. Kd4 bxc4 47. Kxc4 Kd7 48. Kc5 Kc7 49. Bd4 Kd7 50. Be5 f4 51. g4 1-0


[Site "https://www.chess.com"]

[Event "Titled Tuesday Blitz November 14 Early 2023"]
[White "Arifarsky"]
[Black "Suspenser17"]
[WhiteElo "2742"]
[BlackElo "2429"]
[Result "1-0"]
[Round "2"]
[TimeControl "180+1"]
[Date "2023.11.14"]
[WhiteClock "0:00:17"]
[BlackClock "0:00:09"]
[Board "92"]

1. e4 e5 2. Nf3 Nc6 3. d4 exd4 4. Nxd4 Nf6 5. Nc3 Bb4 6. Nxc6 bxc6 7. Bd3 d5 8. exd5 cxd5 9. O-O O-O 10. Qf3 c6 11. h3 Be6 12. Bg5 Bd6 13. Rfe1 Rb8 14. b3 Re8 15. Rad1 h6 16. Bf4 a5 17. Na4 c5 18. Be5 Bxe5 19. Rxe5 Qc7 20. Rde1 c4 21. Bf5 Bxf5 22. Rxe8+ Rxe8 23. Rxe8+ Nxe8 24. Qxf5 Nf6 25. g3 Qe7 26. Kg2 Qa3 27. Nc3 d4 28. Nb5 Qxa2 29. Qc8+ Kh7 30. Qxc4 Qb2 31. Nxd4 Qc1 32. Qxf7 Qe1 33. Qe6 Qd2 34. Qf5+ Kg8 35. Ne6 Kf7 36. Nf4 Qb4 37. Qe6+ Kf8 38. Ng6# 1-0


[Site "https://www.chess.com"]

[Event "Titled Tuesday Blitz November 14 Early 2023"]
[White "Begunov, Konstantin"]
[Black "De Silva, L M S T"]
[WhiteFideId "4118510"]
[BlackFideId "9953698"]
[WhiteElo "2420"]
[BlackElo "2742"]
[Result "1-0"]
[Round "2"]
[TimeControl "180+1"]
[Date "2023.11.14"]
[WhiteClock "0:00:20"]
[BlackClock "0:00:00"]
[Board "93"]

1. d4 Nf6 2. c4 e6 3. Nf3 b6 4. g3 Bb7 5. Bg2 g6 6. Nc3 Bg7 7. O-O Ne4 8. Qc2 Nxc3 9. Qxc3 O-O 10. Rd1 d6 11. Bg5 f6 12. Be3 Nd7 13. b4 Qe7 14. c5 bxc5 15. bxc5 dxc5 16. dxc5 f5 17. Bd4 Bxd4 18. Rxd4 Qxc5 19. Rc4 Qb6 20. Rxc7 Rac8 21. Rc4 Rxc4 22. Qxc4 Bd5 23. Qc3 Qb7 24. a3 Nb6 25. Rb1 Rc8 26. Qb4 Rc4 27. Qb5 Qc7 28. h4 Kg7 29. Ng5 Qc6 30. Qxc6 Rxc6 31. Bxd5 exd5 32. Rd1 h6 33. Nf3 Kf6 34. Nd4 Rc5 35. Kg2 Ra5 36. Rd3 Ra4 37. Nc6 Ke6 38. h5 gxh5 39. Kf3 Kd6 40. Nb4 Ra5 41. Nc2 Ke5 42. Nd4 Nc4 43. Nc6+ Kd6 44. Nxa5 Nxa5 45. Rc3 Nc4 46. Kf4 Kc5 47. Kxf5 d4 48. Rd3 Nb2 49. Kg6 Nxd3 50. exd3 Kb5 51. f4 Ka4 52. f5 Kxa3 53. f6 a5 54. f7 a4 55. f8=Q+ Kb3 56. Qb8+ Ka2 57. Qb4 a3 58. Kxh5 1-0


[Site "https://www.chess.com"]

[Event "Titled Tuesday Blitz November 14 Early 2023"]
[White "Atakhan, Abtin"]
[Black "Jackalhead_Anubis"]
[WhiteFideId "22502203"]
[WhiteElo "2741"]
[BlackElo "2419"]
[Result "1-0"]
[Round "2"]
[TimeControl "180+1"]
[Date "2023.11.14"]
[WhiteClock "0:00:05"]
[BlackClock "0:00:12"]
[Board "94"]

1. c4 g6 2. g3 Bg7 3. Bg2 c5 4. Nc3 Nc6 5. d3 e6 6. h4 h5 7. Nf3 Nge7 8. Ng5 O-O 9. e4 a6 10. g4 hxg4 11. Qxg4 d5 12. h5 Ne5 13. Qh3 gxh5 14. Qxh5 Re8 15. f4 Nxd3+ 16. Ke2 Nxc1+ 17. Raxc1 Ng6 18. Qh2 dxc4 19. Rcd1 Qf6 20. Rhf1 e5 21. Qh7+ Kf8 22. Nd5 Nxf4+ 23. Rxf4 Qxg5 24. Rxf7+ Kxf7 25. Rf1+ Ke6 26. Rf6+ Qxf6 27. Nxf6 Bxf6 28. Qc7 Rh8 29. Bf3 Rh4 30. Qxc5 Bd7 31. Qxc4+ Ke7 32. Qc5+ Ke8 33. Qd6 Be7 34. Qxe5 Bb5+ 35. Kf2 Rd8 36. Bh5+ Kf8 37. Qf5+ Kg7 38. Qg6+ Kh8 39. Qh6+ Kg8 40. Qe6+ Kh8 41. Qxe7 Rd2+ 42. Ke1 Rhh2 43. Qf6+ Kh7 44. Qg6+ Kh8 45. Qf6+ Kh7 46. Bg6+ Kg8 47. Qf7+ Kh8 48. Qf8# 1-0


[Site "https://www.chess.com"]

[Event "Titled Tuesday Blitz November 14 Early 2023"]
[White "Haitin, Ilja"]
[Black "Harshavardhan G B"]
[WhiteFideId "4501764"]
[BlackFideId "25059009"]
[WhiteElo "2411"]
[BlackElo "2739"]
[Result "0-1"]
[Round "2"]
[TimeControl "180+1"]
[Date "2023.11.14"]
[WhiteClock "0:00:05"]
[BlackClock "0:00:27"]
[Board "95"]

1. Nf3 Nf6 2. g3 g6 3. b3 Bg7 4. Bb2 O-O 5. Bg2 d5 6. c4 c6 7. O-O Bg4 8. d3 Nbd7 9. Nbd2 Qc7 10. h3 Bf5 11. Nd4 e5 12. Nxf5 gxf5 13. Nf3 f4 14. Nh4 Nh5 15. e4 Nhf6 16. exd5 cxd5 17. gxf4 dxc4 18. dxc4 Rad8 19. Qc2 Nh5 20. Nf5 Nxf4 21. Nxg7 Kxg7 22. Qe4 f6 23. Bf3 Nc5 24. Qf5 Rd3 25. Kh1 Kh8 26. Bg4 h5 27. Rad1 hxg4 28. Rxd3 Ncxd3 29. Ba3 Qc8 30. hxg4 Qxf5 31. gxf5 Rf7 32. f3 Rh7+ 33. Kg1 Rg7+ 34. Kh1 Rg2 35. Be7 Kg7 36. Rg1 Nf2# 0-1


[Site "https://www.chess.com"]

[Event "Titled Tuesday Blitz November 14 Early 2023"]
[White "Csonka, Balazs"]
[Black "Goldin, Roman"]
[WhiteFideId "742910"]
[BlackFideId "2803860"]
[WhiteElo "2728"]
[BlackElo "2401"]
[Result "1-0"]
[Round "2"]
[TimeControl "180+1"]
[Date "2023.11.14"]
[WhiteClock "0:00:06"]
[BlackClock "0:00:00"]
[Board "96"]

1. e4 Nc6 2. Nc3 e5 3. Nf3 g6 4. d4 exd4 5. Nd5 Bg7 6. Bg5 Nce7 7. Nxd4 h6 8. Bh4 c6 9. Nc3 Qb6 10. Nb3 a5 11. a4 Qb4 12. Qd3 d5 13. O-O-O Be6 14. f3 Nf6 15. Be1 Qb6 16. e5 Nd7 17. f4 O-O 18. Qd2 Nc5 19. Nd4 Nf5 20. Bf2 Rfd8 21. Rg1 Bf8 22. g4 Nxd4 23. Bxd4 Qb4 24. f5 Nxa4 25. Nxa4 Qxa4 26. Kb1 c5 27. fxe6 cxd4 28. exf7+ Kxf7 29. Bd3 Kg7 30. Rdf1 Qb4 31. Qf2 a4 32. Qf6+ Kg8 33. Qxg6+ 1-0


[Site "https://www.chess.com"]

[Event "Titled Tuesday Blitz November 14 Early 2023"]
[White "Halkias, Stelios"]
[Black "Mejia, Cherry Ann"]
[WhiteFideId "4201809"]
[BlackFideId "5206880"]
[WhiteElo "2721"]
[BlackElo "2373"]
[Result "1-0"]
[Round "2"]
[TimeControl "180+1"]
[Date "2023.11.14"]
[WhiteClock "0:01:06"]
[BlackClock "0:00:07"]
[Board "97"]

1. Nf3 d5 2. d4 Nf6 3. c4 dxc4 4. e3 e6 5. Bxc4 c5 6. O-O a6 7. Re1 b5 8. Bf1 Bb7 9. a4 b4 10. Nbd2 Nc6 11. Nc4 cxd4 12. exd4 Be7 13. a5 Nd5 14. Nfe5 Nxe5 15. dxe5 O-O 16. Qg4 Kh8 17. Qh3 Rc8 18. Bd3 g6 19. Bh6 Re8 20. Rad1 Bg5 21. Bxg5 Qxg5 22. Nd6 Re7 23. Nxc8 Bxc8 24. Qg3 Qh6 25. Be4 Bb7 26. h4 Rc7 27. Qg5 Qxg5 28. hxg5 Rc5 29. Ra1 Rc4 30. f3 Kg7 31. Rac1 Rd4 32. Red1 Rxd1+ 33. Rxd1 h6 34. gxh6+ Kxh6 35. Kf2 Kg5 36. g3 f5 37. exf6 Kxf6 38. Bxd5 Bxd5 39. Rc1 Ke5 40. Ke3 Kd6 41. f4 e5 42. fxe5+ Kxe5 43. Rc7 Kd6 44. Rg7 Kc5 45. Rxg6 Bc4 46. Rg5+ Bd5 47. g4 1-0


[Site "https://www.chess.com"]

[Event "Titled Tuesday Blitz November 14 Early 2023"]
[White "EvgenyBurmakin"]
[Black "Karthik Rajaa"]
[BlackFideId "25035215"]
[WhiteElo "2366"]
[BlackElo "2721"]
[Result "0-1"]
[Round "2"]
[TimeControl "180+1"]
[Date "2023.11.14"]
[WhiteClock "0:00:05"]
[BlackClock "0:00:15"]
[Board "98"]

1. e4 c6 2. Nc3 d5 3. Nf3 Bg4 4. d4 dxe4 5. Nxe4 Nf6 6. Bd3 Nxe4 7. Bxe4 Nd7 8. c3 Nf6 9. Bc2 Qd5 10. Bf4 e6 11. Qe2 Bxf3 12. gxf3 Qd7 13. O-O-O Bd6 14. Be5 Qc7 15. f4 O-O-O 16. f5 Bxe5 17. dxe5 Nd5 18. Qg4 Qxe5 19. fxe6 fxe6 20. Qg3 Qf4+ 21. Kb1 g5 22. Rhe1 Qxg3 23. fxg3 Nc7 24. Rxd8+ Kxd8 25. Re5 h6 26. h4 Rg8 27. b3 Ke7 28. Kb2 Kd6 29. Re4 Nd5 30. hxg5 Rxg5 31. c4 Nf6 32. Rh4 h5 33. Rf4 Ke7 34. Rf3 e5 35. Re3 Ng4 36. Rf3 Nf6 37. Kc3 Ke6 38. a3 e4 39. Re3 Ke5 40. b4 Rg4 41. b5 cxb5 42. cxb5 Nd5+ 43. Kd2 Nxe3 44. Kxe3 Rxg3+ 0-1


[Site "https://www.chess.com"]

[Event "Titled Tuesday Blitz November 14 Early 2023"]
[White "DopplerCharlotteDeWitte"]
[Black "Valle Maytin, Luis Enrique"]
[BlackFideId "3503666"]
[WhiteElo "2718"]
[BlackElo "2358"]
[Result "1-0"]
[Round "2"]
[TimeControl "180+1"]
[Date "2023.11.14"]
[WhiteClock "0:00:11"]
[BlackClock "0:00:33"]
[Board "99"]

1. Nf3 d5 2. g3 c6 3. Bg2 Nf6 4. c4 e6 5. O-O Nbd7 6. d3 Be7 7. Nc3 O-O 8. cxd5 exd5 9. e4 dxe4 10. dxe4 Re8 11. e5 Ng4 12. e6 fxe6 13. Ne4 Ngf6 14. Nd6 Bxd6 15. Qxd6 Nf8 16. Qb4 Nd5 17. Qb3 Qb6 18. Qc2 e5 19. Re1 Ng6 20. h4 Nf6 21. Be3 Qc7 22. Ng5 Be6 23. Nxe6 Rxe6 24. Qb3 Qf7 25. Rad1 Ng4 26. Bh3 h5 27. Bxg4 hxg4 28. Qc4 b6 29. Qxg4 Rf8 30. h5 Ne7 31. Rd7 Qf6 32. Rxa7 Nd5 33. h6 Nxe3 34. Qxg7+ Qxg7 35. Rxg7+ Kh8 36. Rxe3 Rxh6 37. Rb7 c5 38. Rxe5 Rd6 39. Ree7 Ra8 40. Rh7+ Kg8 41. Rbg7+ Kf8 42. a3 Rad8 43. Rb7 Rf6 44. Rh8# 1-0


[Site "https://www.chess.com"]

[Event "Titled Tuesday Blitz November 14 Early 2023"]
[White "Fernandez Siles, Luis"]
[Black "Djokic, Mihailo"]
[WhiteFideId "2209420"]
[BlackFideId "976440"]
[WhiteElo "2347"]
[BlackElo "2718"]
[Result "0-1"]
[Round "2"]
[TimeControl "180+1"]
[Date "2023.11.14"]
[WhiteClock "0:01:52"]
[BlackClock "0:01:42"]
[Board "100"]

1. e4 c5 2. Nf3 d6 3. d4 cxd4 4. Nxd4 Nf6 5. Nc3 g6 6. Be3 Bg7 7. f3 O-O 8. Qd2 Nc6 9. O-O-O Bd7 10. g4 Rc8 11. h4 Ne5 12. h5 Qa5 13. Bh6 Bxh6 14. Qxh6 Rxc3 15. hxg6 fxg6 16. bxc3 Qxc3 17. g5 Qa1+ 18. Kd2 Qxd4+ 19. Ke1 Nxf3+ 20. Ke2 Qxe4+ 21. Kf2 Ng4+ 22. Kg3 Qe5+ 0-1


[Site "https://www.chess.com"]

[Event "Titled Tuesday Blitz November 14 Early 2023"]
[White "Begmuratov, Alisher"]
[Black "Lebedev, Artem S."]
[WhiteFideId "14203367"]
[BlackFideId "34272747"]
[WhiteElo "2715"]
[BlackElo "2332"]
[Result "1/2-1/2"]
[Round "2"]
[TimeControl "180+1"]
[Date "2023.11.14"]
[WhiteClock "0:00:20"]
[BlackClock "0:00:05"]
[Board "101"]

1. e4 e5 2. Nf3 Nc6 3. Bb5 a6 4. Bxc6 dxc6 5. h3 Bd6 6. O-O Ne7 7. d3 f6 8. Nbd2 O-O 9. b3 c5 10. Bb2 b6 11. Nc4 Ng6 12. Qd2 Be6 13. Ne3 Qd7 14. Kh2 f5 15. Ng5 f4 16. Nc4 f3 17. g3 Rf6 18. Nxe6 Qxe6 19. Ne3 Raf8 20. Nf5 Ne7 21. g4 g6 22. Rg1 Kh8 23. g5 R6f7 24. Nh6 Rf4 25. Ng4 Nc6 26. Rg3 Be7 27. Nf6 Bxf6 28. gxf6 R8xf6 29. Rag1 Kg7 30. Rg4 Rxg4 31. Rxg4 h5 32. Rg5 Kh7 33. Rg3 Rf4 34. Qd1 Qf6 35. Bc1 Nd4 36. Qh1 Ne2 37. Bxf4 Qxf4 38. Qxf3 Nxg3 39. Qxf4 exf4 40. fxg3 fxg3+ 41. Kxg3 g5 42. c3 Kg6 43. Kf3 Kf6 44. Ke3 Ke6 45. a3 a5 46. a4 Ke5 47. d4+ cxd4+ 48. cxd4+ Ke6 49. Kf3 c6 50. Ke3 Kd6 51. Kf3 Ke6 52. Ke3 Kd6 53. Kf2 Ke6 54. Kg3 Kd6 55. Kf3 Ke6 1/2-1/2


[Site "https://www.chess.com"]

[Event "Titled Tuesday Blitz November 14 Early 2023"]
[White "Biernacki, Mark"]
[Black "Chinguun, Sumiya"]
[WhiteFideId "2082322"]
[BlackFideId "4902572"]
[WhiteElo "2331"]
[BlackElo "2711"]
[Result "0-1"]
[Round "2"]
[TimeControl "180+1"]
[Date "2023.11.14"]
[WhiteClock "0:00:00"]
[BlackClock "0:01:42"]
[Board "102"]

1. e4 c5 2. Nc3 Nc6 3. Bb5 Nd4 4. Nf3 a6 5. Bd3 Nc6 6. O-O d6 7. b3 e5 8. Nd5 Nf6 9. Nxf6+ gxf6 10. Bb2 Be6 11. c3 Rg8 12. Kh1 Qd7 13. Rg1 O-O-O 14. Bc2 d5 15. d3 d4 16. c4 f5 17. exf5 Bxf5 18. b4 cxb4 19. Ba4 f6 20. a3 Bg4 21. axb4 Bxb4 22. Ba3 Bxa3 23. Rxa3 Rg7 24. h3 Bh5 25. g4 Bg6 26. Rb3 e4 27. dxe4 Bxe4 28. Kh2 Qd6+ 29. Rg3 Na5 30. Rb2 Nxc4 31. Qc1 Rc7 32. Rb3 Ne5 33. Qf4 Nxf3+ 34. Rbxf3 Bxf3 35. Qxf3 Rc3 36. Qf5+ Kb8 37. Qxh7 Rxg3 38. fxg3 Rc8 39. Bc2 Qb4 40. Be4 Rc7 41. Qg8+ Ka7 42. Qf7 Rxf7 0-1


[Site "https://www.chess.com"]

[Event "Titled Tuesday Blitz November 14 Early 2023"]
[White "Martinez Ramirez, Lennis"]
[Black "Lacasa Diaz, Jose Antonio"]
[WhiteFideId "3509079"]
[BlackFideId "2203375"]
[WhiteElo "2705"]
[BlackElo "2331"]
[Result "0-1"]
[Round "2"]
[TimeControl "180+1"]
[Date "2023.11.14"]
[WhiteClock "0:00:00"]
[BlackClock "0:00:06"]
[Board "103"]

1. e4 c5 2. Nf3 d6 3. d4 cxd4 4. Nxd4 Nf6 5. Nc3 e6 6. Bg5 Be7 7. Qd2 a6 8. O-O-O b5 9. Bd3 Bb7 10. a3 Nbd7 11. f4 Rc8 12. Rhe1 O-O 13. e5 dxe5 14. fxe5 Nd5 15. Bxe7 Qxe7 16. Nxd5 Bxd5 17. Re3 Nc5 18. Kb1 Nxd3 19. Rxd3 Rc4 20. Rg3 Rfc8 21. Qh6 Qf8 22. Qf4 b4 23. a4 R8c7 24. h4 Kh8 25. h5 h6 26. Rf1 Qc5 27. Qg4 Qf8 28. Rf2 Qg8 29. Qf4 Qh7 30. Rd3 Be4 31. Rdd2 Bf5 32. Qe3 Be4 33. Nxe6 Rc8 0-1


[Site "https://www.chess.com"]

[Event "Titled Tuesday Blitz November 14 Early 2023"]
[White "Ruge, Edison"]
[Black "Danielyan, Vahe"]
[WhiteFideId "4401000"]
[BlackFideId "13304828"]
[WhiteElo "2314"]
[BlackElo "2701"]
[Result "0-1"]
[Round "2"]
[TimeControl "180+1"]
[Date "2023.11.14"]
[WhiteClock "0:00:00"]
[BlackClock "0:00:38"]
[Board "104"]

1. e4 c5 2. Nf3 d6 3. d3 Nc6 4. Nbd2 g6 5. g3 Bg7 6. Bg2 Nf6 7. O-O O-O 8. Re1 Qc7 9. h3 Rb8 10. Nf1 b5 11. Ne3 e6 12. Nh2 a5 13. Nhg4 Nxg4 14. Nxg4 Ne5 15. Nxe5 dxe5 16. Be3 Bb7 17. h4 f5 18. exf5 Bxg2 19. Kxg2 exf5 20. Bd2 f4 21. Re4 c4 22. dxc4 bxc4 23. Bc3 Qc6 24. Qe1 fxg3 25. Kxg3 Rf5 26. Qe2 Rbf8 27. Rf1 Rf3+ 28. Qxf3 Rxf3+ 29. Kxf3 Kf7 30. Rd1 Ke6 31. Rd8 Kf5 32. Kg3 Qxe4 33. Rd7 Qg4+ 34. Kh2 Qxh4+ 35. Kg2 Bf6 36. Rf7 Ke6 0-1


[Site "https://www.chess.com"]

[Event "Titled Tuesday Blitz November 14 Early 2023"]
[White "Rozman, Levy"]
[Black "Spichkin, Alexander"]
[WhiteFideId "2039877"]
[BlackFideId "4144074"]
[WhiteElo "2700"]
[BlackElo "2307"]
[Result "1-0"]
[Round "2"]
[TimeControl "180+1"]
[Date "2023.11.14"]
[WhiteClock "0:01:26"]
[BlackClock "0:00:52"]
[Board "105"]

1. d4 e6 2. Bf4 f5 3. h3 Nf6 4. g4 Be7 5. gxf5 O-O 6. fxe6 dxe6 7. e3 c5 8. c3 Nd5 9. Bg3 Nc6 10. Nd2 Bh4 11. Qg4 Bxg3 12. Qxg3 cxd4 13. exd4 e5 14. dxe5 Nxe5 15. O-O-O Nf4 16. Nc4 Qf6 17. Nxe5 Qxe5 18. Bc4+ Kh8 19. Nf3 Ne2+ 20. Bxe2 Qxe2 21. Rhe1 Qc4 22. Re7 Rg8 23. Ne5 1-0


[Site "https://www.chess.com"]

[Event "Titled Tuesday Blitz November 14 Early 2023"]
[White "Kraus, Tomas"]
[Black "Ladopoulos, Dimitrios"]
[WhiteFideId "331708"]
[BlackFideId "4239580"]
[WhiteElo "2306"]
[BlackElo "2699"]
[Result "0-1"]
[Round "2"]
[TimeControl "180+1"]
[Date "2023.11.14"]
[WhiteClock "0:00:00"]
[BlackClock "0:00:30"]
[Board "106"]

1. e4 c5 2. Nc3 Nc6 3. f4 g6 4. Nf3 Bg7 5. g3 e6 6. Bg2 Nge7 7. O-O O-O 8. d3 d6 9. Be3 b6 10. d4 d5 11. exd5 exd5 12. Ne5 Be6 13. Qd2 cxd4 14. Bxd4 Nxd4 15. Qxd4 Qc7 16. Rfe1 Rfd8 17. Qd3 Rac8 18. Rad1 d4 19. Nb5 Qxc2 20. Nxa7 Qxd3 21. Rxd3 Rc2 22. Nac6 Nxc6 23. Nxc6 Rd6 24. Ne5 Rxb2 25. Red1 Bxe5 26. fxe5 Rd8 27. Rxd4 Rc8 28. Rd8+ Rxd8 29. Rxd8+ Kg7 30. Rd6 Bxa2 31. Bd5 Bxd5 32. Rxd5 Kf8 33. Rd7 h5 34. Rb7 Ke8 35. h4 b5 36. Kh1 b4 37. Kg1 b3 38. Kh1 Kd8 39. Rxf7 Rc2 40. e6 b2 0-1


[Site "https://www.chess.com"]